Map: Lerilak Crest

Players

PiG

  • Race: Zerg Zerg
  • League: Grandmaster

Petraeus - Winner!

  • Race: Zerg Zerg
  • League: Grandmaster

Event: 2016 WCS Winter Challenger Oceania SEA

VOD

Have the link to the VOD?

Description

Time

  • Played on: Feb. 14, 2016, 12:34 a.m.
  • Length: 6:26

All games in this series

Show
View Real Time Build Order
Export as new Build Order

PiG Zerg 

Build Orders: Hatch First, Zergling Baneling 

Get SALT Encoding   

  12  0:00  Drone  
  13  0:12  Overlord  
  13  0:17  Drone  
  14  0:30  Drone x2  
  14  0:34  Drone  
  17  0:51  Hatchery  
  17  0:55  Drone  
  17  0:57  Drone  
  18  1:05  Extractor  
  17  1:12  Spawning Pool  
  17  1:16  Drone  
  17  1:21  Drone  
  18  1:32  Drone  
  19  1:40  Overlord  
  19  1:58  Queen  
  19  2:00  Zergling x2  
  22  2:02  Drone  
  22  2:04  Drone  
  22  2:06  Metabolic Boost, Queen  
  26  2:16  Drone  
  26  2:17  Drone  
  28  2:29  Baneling Nest, Drone  
  28  2:31  Drone  
  29  2:41  Drone  
  30  2:48  Zergling x2  
  30  2:49  Zergling x2  
  30  2:51  Overlord  
  32  2:54  Zergling x2  
  32  2:59  Zergling x2  
  32  3:03  Queen  
  35  3:14  Baneling  
  35  3:15  Baneling x4  
  35  3:16  Zergling x10  
  35  3:17  Zergling x2  
  41  3:24  Zergling x4  
  39  3:44  Drone x3  
  38  3:56  Drone x2  
  38  3:57  Drone x2  
  40  4:06  Drone  
  40  4:08  Hatchery  
  39  4:13  Zergling x4  
  39  4:15  Queen  
  39  4:21  Zergling x6  
  39  4:23  Drone  
  43  4:26  Zergling x2, Extractor  
  43  4:30  Overlord  
  43  4:32  Baneling  
  37  4:38  Baneling  
  37  4:43  Zergling x6  
  37  4:44  Baneling x2  
  37  4:45  Baneling  
  40  4:51  Drone x2  
  33  5:02  Zergling x4  
  33  5:04  Drone  
  28  5:13  Drone  
  26  5:19  Zergling x4  
  26  5:29  Zergling x4  
  26  5:39  Zergling x4  
  26  5:41  Baneling  
  27  5:45  Drone  
  28  5:55  Drone  
  28  5:56  Drone  
  28  6:01  Zergling x2  
  28  6:03  Drone  
  29  6:08  Zergling x2  
Show
View Real Time Build Order
Export as new Build Order

Petraeus Zerg - Winner!

Build Orders: Pool First, Zergling Baneling 

Get SALT Encoding   

  12  0:00  Drone  
  13  0:08  Drone  
  14  0:16  Overlord  
  14  0:22  Extractor  
  14  0:23  Drone  
  15  0:34  Drone  
  15  0:35  Drone  
  17  0:44  Extractor  
  17  0:46  Spawning Pool  
  15  0:50  Drone  
  15  0:55  Drone  
  17  1:15  Hatchery  
  16  1:19  Drone  
  17  1:32  Queen  
  17  1:35  Zergling x2  
  20  1:44  Metabolic Boost  
  20  1:49  Overlord  
  20  1:53  Drone  
  21  2:05  Baneling Nest  
  20  2:11  Queen  
  20  2:15  Drone  
  23  2:19  Drone  
  23  2:22  Drone  
  25  2:28  Drone  
  26  2:30  Drone  
  27  2:41  Zergling x8  
  31  2:47  Overlord  
  32  2:51  Drone  
  32  2:52  Drone  
  33  2:59  Baneling  
  33  3:01  Drone  
  33  3:05  Drone  
  35  3:10  Zergling x2  
  36  3:14  Drone  
  36  3:16  Drone x2  
  36  3:17  Drone  
  40  3:20  Drone x2  
  41  3:28  Overlord  
  41  3:34  Drone  
  40  3:35  Zergling x2  
  40  3:36  Baneling x2  
  40  3:37  Zergling x2  
  41  3:46  Hatchery  
  41  3:47  Zergling x2  
  41  3:50  Zergling x4  
  41  3:51  Zergling x2  
  42  3:58  Zergling x2  
  42  3:59  Zergling x2  
  42  4:02  Zergling x2  
  43  4:09  Zergling x2  
  41  4:10  Zergling x6  
  41  4:14  Baneling x2  
  40  4:20  Zergling x8  
  44  4:30  Baneling x2  
  44  4:31  Baneling x2  
  44  4:38  Drone x2  
  45  4:40  Baneling x4  
  45  4:43  Zergling x4  
  47  4:48  Queen  
  45  4:56  Zergling x2  
  45  4:59  Drone x2  
  45  5:03  Zergling x2  
  45  5:05  Zergling x2  
  45  5:06  Zergling x6  
  47  5:10  Roach Warren  
  46  5:18  Zergling x2  
  46  5:20  Zergling x8  
  50  5:28  Queen  
  46  5:30  Zergling x2  
  46  5:31  Zergling x2  
  46  5:33  Baneling x2  
  46  5:34  Zergling x2, Baneling  
  47  5:45  Drone, Zergling x2  
  47  5:48  Baneling  
  47  5:49  Baneling  
  49  5:51  Overlord  
  49  5:52  Roach  
  49  5:53  Roach x2  
  49  5:54  Zergling x2  
  56  5:57  Drone  
  56  6:02  Roach  
  53  6:07  Zergling x4  
Tags
 
Add a new tag
Caveats
  • Supply blocks, unpowered buildings, or Contaminate may cause inaccurate times.
  • Supply counts are checked every 10 seconds.